General information
- name: BNet
- type: Ladder team game (AT/RT)
- host: Battle.net
- saver: Amourmancer
map: Battleground
- players: 8
- length: 56:19
- speed: Fast
- version: 1.26 W3XP
- replay type: Public
» download(307 KB)
Players
team 1 (loser)

»
Sup_Girl (
blue | 54 APM | 2419 actions | 44:49)
7 Blademaster
3 Wind Walk
3 Critical Strike
1 Bladestorm
5 Shadow Hunter
2 Hex
3 Healing Wave
» actions
| Assign group hotkey | 27 | |
| Basic commands | 125 | |
| Build / train | 78 | |
| Enter build submenu | 16 | |
| Enter hero's abilities submenu | 13 | |
| Give item / drop item | 3 | |
| Right click | 1262 | |
| Select / deselect | 491 | |
| Select group hotkey | 289 | |
| Use ability | 115 | |
2419 total
» units
| Peon | 8 | |
| Grunt | 4 | |
| Shaman | 9 | |
| Tauren | 8 | |
29 total
» upgrades
| Melee Weapons | 2 | |
| Berserker Strength | 1 | |
| Shaman Training | 2 | |
| Armor | 3 | |
| Pulverize | 1 | |
| Reinforced Defenses | 1 | |
10 total
» buildings
| Altar of Storms | 1 | |
| Orc Burrow | 7 | |
| Barracks | 1 | |
| Voodoo Lounge | 1 | |
| War Mill | 1 | |
| Stronghold | 1 | |
| Watch Tower | 2 | |
| Spirit Lodge | 1 | |
| Fortress | 1 | |
| Tauren Totem | 2 | |
18 total
» build order
00:06 Altar of Storms
00:10 Orc Burrow
00:33 Barracks
01:30 Orc Burrow
02:05 Voodoo Lounge
03:19 War Mill
03:34 Stronghold
04:45 Watch Tower
05:51 Orc Burrow
06:27 Spirit Lodge
06:59 Fortress
07:04 Orc Burrow
08:31 Orc Burrow
09:29 Tauren Totem
09:30 Tauren Totem
13:41 Watch Tower
14:34 Orc Burrow
25:20 Orc Burrow
» items
| Healing Salve | 5 | |
| Lesser Clarity Potion | 6 | |
| Boots of Speed | 1 | |
| Scroll of Regeneration | 4 | |
| Orb of Lightning | 2 | |
| Potion of Mana | 1 | |
| Potion of Healing | 2 | |
| Scroll of Town Portal | 1 | |
22 total

»
miniraeace (
pink | 31 APM | 1068 actions | 34:10)
6 Demon Hunter
2 Mana Burn
3 Evasion
1 Metamorphosis
1 Mountain King
1 Avatar
» actions
| Build / train | 70 | |
| Enter build submenu | 13 | |
| Enter hero's abilities submenu | 7 | |
| Give item / drop item | 1 | |
| Right click | 515 | |
| Select / deselect | 390 | |
| Use ability | 72 | |
1068 total
» units
| Wisp | 11 | |
| Huntress | 4 | |
| Hippogryph | 23 | |
| Chimaera | 8 | |
46 total
» upgrades
| Ultravision | 1 | |
| Reinforced Hides | 3 | |
| Strength of the Wild | 3 | |
| Corrosive Breath | 1 | |
8 total
» buildings
| Altar of Elders | 1 | |
| Moon Well | 6 | |
| Ancient of War | 1 | |
| Hunter's Hall | 1 | |
| Tree of Ages | 1 | |
| Ancient of Wonders | 1 | |
| Tree of Eternity | 1 | |
| Ancient of Wind | 1 | |
| Chimaera Roost | 2 | |
15 total
» build order
00:39 Altar of Elders
00:53 Moon Well
01:09 Moon Well
01:27 Ancient of War
02:21 Moon Well
02:38 Hunter's Hall
03:19 Moon Well
03:37 Tree of Ages
04:15 Moon Well
05:15 Ancient of Wonders
06:03 Tree of Eternity
06:07 Ancient of Wind
08:27 Chimaera Roost
08:31 Chimaera Roost
14:39 Moon Well
» items
| Potion of Healing | 3 | |
| Scroll of Town Portal | 1 | |
| Orb of Venom | 2 | |
6 total
FROGASDF (
teal | 39 APM | 2174 actions | 56:19)
10 Mountain King
3 Storm Bolt
3 Bash
1 Avatar
3 Thunder Clap
» actions
| Assign group hotkey | 48 | |
| Basic commands | 42 | |
| Build / train | 76 | |
| Enter build submenu | 23 | |
| Enter hero's abilities submenu | 9 | |
| Give item / drop item | 4 | |
| Remove unit from queue | 2 | |
| Right click | 745 | |
| Select / deselect | 271 | |
| Select group hotkey | 845 | |
| Use ability | 109 | |
2174 total
» units
» upgrades
| Masonry | 3 | |
| Lumber Harvesting | 2 | |
| Swords | 2 | |
| Armor | 2 | |
| Storm Hammers | 1 | |
| Animal War Training | 1 | |
11 total
» buildings
| Altar of Kings | 1 | |
| Farm | 11 | |
| Scout Tower | 11 | |
| Keep | 1 | |
| Arcane Tower | 1 | |
| Arcane Vault | 1 | |
| Lumber Mill | 1 | |
| Blacksmith | 1 | |
| Guard Tower | 5 | |
| Castle | 2 | |
| Gryphon Aviary | 3 | |
| Town Hall | 3 | |
| Barracks | 1 | |
42 total
» build order
00:08 Altar of Kings
00:23 Farm
01:10 Scout Tower
01:33 Farm
02:05 Keep
02:28 Arcane Tower
02:31 Arcane Vault
02:47 Lumber Mill
03:05 Blacksmith
03:28 Scout Tower
03:33 Scout Tower
04:03 Guard Tower
04:14 Scout Tower
04:15 Scout Tower
05:27 Guard Tower
05:28 Castle
05:29 Castle
06:11 Gryphon Aviary
06:22 Gryphon Aviary
08:02 Farm
08:03 Farm
08:03 Farm
08:09 Farm
08:10 Farm
08:10 Farm
08:11 Farm
08:12 Farm
08:12 Farm
09:27 Guard Tower
13:55 Gryphon Aviary
15:48 Town Hall
18:55 Barracks
23:55 Scout Tower
23:56 Scout Tower
24:05 Scout Tower
24:29 Guard Tower
25:23 Guard Tower
28:50 Town Hall
31:29 Town Hall
» items
| Staff of Teleportation | 1 | |
| Scroll of Regeneration | 4 | |
| Potion of Healing | 3 | |
| Ivory Tower | 2 | |
| Scroll of Town Portal | 4 | |
| Healing Salve | 1 | |
15 total
4Eva (
red | 80 APM | 2598 actions | 32:29)
5 Mountain King
3 Storm Bolt
2 Bash
» actions
| Assign group hotkey | 37 | |
| Basic commands | 4 | |
| Build / train | 114 | |
| ESC pressed | 2 | |
| Enter build submenu | 20 | |
| Enter hero's abilities submenu | 6 | |
| Give item / drop item | 6 | |
| Remove unit from queue | 2 | |
| Right click | 1367 | |
| Select / deselect | 308 | |
| Select group hotkey | 578 | |
| Use ability | 154 | |
2598 total
» units
| Peasant | 30 | |
| Footman | 4 | |
| Rifleman | 4 | |
| Knight | 5 | |
| Siege Engine | 7 | |
| Spell Breaker | 5 | |
| Flying Machine | 1 | |
56 total
» upgrades
| Defend | 1 | |
| Long Rifles | 1 | |
| Swords | 1 | |
| Gunpowder | 1 | |
| Masonry | 1 | |
| Barrage | 1 | |
6 total
» buildings
| Altar of Kings | 1 | |
| Farm | 8 | |
| Barracks | 1 | |
| Arcane Vault | 2 | |
| Keep | 2 | |
| Blacksmith | 1 | |
| Lumber Mill | 1 | |
| Scout Tower | 6 | |
| Arcane Tower | 2 | |
| Castle | 2 | |
| Town Hall | 2 | |
| Guard Tower | 5 | |
| Workshop | 1 | |
| Arcane Sanctum | 1 | |
35 total
» build order
00:12 Altar of Kings
00:16 Farm
00:27 Barracks
01:06 Farm
02:00 Farm
02:07 Arcane Vault
04:00 Keep
04:05 Farm
04:09 Blacksmith
04:15 Lumber Mill
07:27 Scout Tower
08:20 Arcane Tower
08:55 Castle
11:47 Town Hall
11:51 Scout Tower
11:52 Scout Tower
11:53 Scout Tower
11:59 Scout Tower
12:04 Scout Tower
12:18 Arcane Vault
12:21 Farm
12:41 Guard Tower
13:09 Farm
13:09 Farm
13:09 Farm
14:11 Guard Tower
14:14 Arcane Tower
14:15 Guard Tower
15:30 Workshop
17:42 Arcane Sanctum
22:51 Town Hall
» items
| Scroll of Regeneration | 4 | |
| Lesser Clarity Potion | 6 | |
| Staff of Teleportation | 1 | |
| Dust of Appearance | 1 | |
| Potion of Healing | 3 | |
| Scroll of Town Portal | 4 | |
| Boots of Speed | 1 | |
| Orb of Fire | 1 | |
| Healing Salve | 1 | |
22 total
team 2 (winner)
KBilly (
purple | 37 APM | 352 actions | 09:30)
3 Blademaster
1 Critical Strike
2 Wind Walk
» actions
| Assign group hotkey | 12 | |
| Basic commands | 14 | |
| Build / train | 29 | |
| Enter build submenu | 12 | |
| Enter hero's abilities submenu | 3 | |
| Give item / drop item | 3 | |
| Right click | 93 | |
| Select / deselect | 61 | |
| Select group hotkey | 92 | |
| Use ability | 33 | |
352 total
» units
» upgrades
| Armor | 1 | |
| Spiked Barricades | 1 | |
| Berserker Strength | 1 | |
3 total
» buildings
| Altar of Storms | 1 | |
| Orc Burrow | 3 | |
| Barracks | 1 | |
| Voodoo Lounge | 1 | |
| War Mill | 1 | |
| Stronghold | 1 | |
| Watch Tower | 2 | |
| Fortress | 1 | |
| Spirit Lodge | 2 | |
13 total
» build order
00:18 Altar of Storms
00:25 Orc Burrow
00:52 Barracks
01:28 Orc Burrow
02:04 Voodoo Lounge
03:12 Orc Burrow
03:50 War Mill
04:51 Stronghold
05:31 Watch Tower
05:39 Watch Tower
07:13 Fortress
07:38 Spirit Lodge
07:40 Spirit Lodge
» items
| Healing Salve | 3 | |
| Boots of Speed | 1 | |
| Staff of Teleportation | 1 | |
| Scroll of Town Portal | 1 | |
| Lesser Clarity Potion | 1 | |
| Scroll of Speed | 1 | |
8 total
Silva. (
orange | 44 APM | 2493 actions | 56:19)
5 Tauren Chieftain
3 War Stomp
2 Endurance Aura
4 Shadow Hunter
2 Healing Wave
2 Hex
1 Blademaster
1 Critical Strike
» actions
| Basic commands | 2 | |
| Build / train | 134 | |
| Enter build submenu | 30 | |
| Enter hero's abilities submenu | 10 | |
| Give item / drop item | 2 | |
| Remove unit from queue | 5 | |
| Right click | 1660 | |
| Select / deselect | 517 | |
| Use ability | 133 | |
2493 total
» units
| Peon | 12 | |
| Troll Headhunter/Berserker | 31 | |
| Grunt | 3 | |
| Shaman | 16 | |
| Tauren | 23 | |
| Troll Witch Doctor | 4 | |
89 total
» upgrades
| Ranged Weapons | 3 | |
| Armor | 3 | |
| Shaman Training | 4 | |
| Witch Doctor Training | 2 | |
| Berserker Upgrade | 1 | |
| Melee Weapons | 3 | |
| Pulverize | 1 | |
17 total
» buildings
| Altar of Storms | 1 | |
| Orc Burrow | 9 | |
| Barracks | 2 | |
| War Mill | 2 | |
| Voodoo Lounge | 1 | |
| Stronghold | 1 | |
| Spirit Lodge | 1 | |
| Fortress | 1 | |
| Tauren Totem | 2 | |
| Beastiary | 1 | |
| Great Hall | 2 | |
| Watch Tower | 2 | |
25 total
» build order
00:08 Altar of Storms
00:23 Orc Burrow
00:36 Orc Burrow
00:50 Barracks
01:02 Barracks
01:27 War Mill
02:02 Orc Burrow
02:23 Voodoo Lounge
03:19 Orc Burrow
03:42 Stronghold
06:13 Spirit Lodge
06:56 Orc Burrow
07:23 Fortress
12:07 Tauren Totem
12:11 Tauren Totem
15:47 War Mill
16:02 Orc Burrow
16:05 Orc Burrow
18:47 Orc Burrow
18:49 Orc Burrow
28:01 Beastiary
29:30 Great Hall
29:32 Watch Tower
30:38 Watch Tower
33:17 Great Hall
» items
| Healing Salve | 2 | |
| Orb of Lightning | 1 | |
| Scroll of Town Portal | 4 | |
| Scroll of Speed | 1 | |
| Potion of Healing | 1 | |
9 total
Amourmancer (
green | 63 APM | 3535 actions | 56:19)
10 Archmage
3 Summon Water Elemental
3 Brilliance Aura
1 Mass Teleport
3 Blizzard
3 Blademaster
1 Critical Strike
1 Bladestorm
1 Mirror Image
» actions
| Assign group hotkey | 212 | |
| Basic commands | 223 | |
| Build / train | 98 | |
| Enter build submenu | 46 | |
| Enter hero's abilities submenu | 13 | |
| Give item / drop item | 6 | |
| Remove unit from queue | 16 | |
| Right click | 1541 | |
| Select / deselect | 582 | |
| Select group hotkey | 420 | |
| Use ability | 378 | |
3535 total
» units
| Peasant | 16 | |
| Footman | 4 | |
| Gryphon Rider | 3 | |
| Dragonhawk Rider | 10 | |
| Troll Witch Doctor | 1 | |
34 total
» upgrades
| Lumber Harvesting | 2 | |
| Masonry | 3 | |
| Swords | 3 | |
| Armor | 3 | |
| Animal War Training | 1 | |
| Cloud | 1 | |
| Storm Hammers | 1 | |
| Reinforced Defenses | 1 | |
| Magic Sentry | 1 | |
16 total
» buildings
| Altar of Kings | 1 | |
| Barracks | 1 | |
| Farm | 5 | |
| Scout Tower | 23 | |
| Arcane Tower | 2 | |
| Keep | 1 | |
| Arcane Vault | 1 | |
| Lumber Mill | 2 | |
| Guard Tower | 11 | |
| Castle | 1 | |
| Gryphon Aviary | 4 | |
| Blacksmith | 2 | |
| Town Hall | 3 | |
| Arcane Sanctum | 1 | |
58 total
» build order
00:37 Altar of Kings
00:40 Barracks
00:50 Farm
00:51 Farm
01:05 Farm
01:37 Farm
02:15 Scout Tower
02:31 Arcane Tower
04:30 Keep
04:47 Arcane Vault
05:10 Lumber Mill
06:33 Scout Tower
06:33 Scout Tower
06:34 Scout Tower
07:18 Guard Tower
07:52 Castle
08:41 Gryphon Aviary
08:42 Gryphon Aviary
08:43 Gryphon Aviary
09:59 Gryphon Aviary
10:02 Blacksmith
10:03 Blacksmith
10:07 Farm
11:37 Town Hall
11:42 Scout Tower
11:42 Scout Tower
11:43 Scout Tower
11:43 Scout Tower
12:10 Guard Tower
12:12 Guard Tower
12:13 Guard Tower
12:14 Guard Tower
14:47 Scout Tower
14:49 Scout Tower
14:51 Scout Tower
14:54 Scout Tower
15:21 Guard Tower
16:05 Guard Tower
17:16 Lumber Mill
27:30 Town Hall
27:35 Scout Tower
27:36 Scout Tower
27:36 Scout Tower
27:37 Scout Tower
28:05 Guard Tower
28:24 Guard Tower
29:04 Scout Tower
29:06 Scout Tower
30:00 Arcane Tower
30:54 Arcane Sanctum
31:20 Guard Tower
31:22 Scout Tower
31:25 Scout Tower
31:27 Scout Tower
31:31 Scout Tower
31:33 Scout Tower
32:22 Guard Tower
40:37 Town Hall
» items
| Scroll of Regeneration | 6 | |
| Healing Salve | 1 | |
| Potion of Healing | 3 | |
| Orb of Lightning | 1 | |
| Scroll of Town Portal | 1 | |
| Mechanical Critter | 2 | |
| Dust of Appearance | 1 | |
15 total

»
CustomHeroKill (
yellow | 74 APM | 2714 actions | 36:47)
7 Far Seer
3 Feral Spirit
3 Chain Lighting
1 Earth Quake
4 Pandaren Brewmaster
2 Breath of Fire
2 Drunken Haze
4 Tauren Chieftain
2 Shockwave
2 Endurance Aura
» actions
| Assign group hotkey | 20 | |
| Basic commands | 9 | |
| Build / train | 59 | |
| Enter build submenu | 17 | |
| Enter hero's abilities submenu | 15 | |
| Give item / drop item | 9 | |
| Remove unit from queue | 1 | |
| Right click | 1868 | |
| Select / deselect | 404 | |
| Select group hotkey | 153 | |
| Use ability | 158 | |
2714 total
» units
| Peon | 7 | |
| Grunt | 5 | |
| Troll Batrider | 12 | |
24 total
» buildings
| Orc Burrow | 12 | |
| Altar of Storms | 2 | |
| Barracks | 1 | |
| Voodoo Lounge | 1 | |
| Stronghold | 1 | |
| Fortress | 1 | |
| Beastiary | 2 | |
| Great Hall | 1 | |
21 total
» build order
00:06 Orc Burrow
00:08 Altar of Storms
01:09 Barracks
01:43 Voodoo Lounge
01:47 Orc Burrow
02:24 Orc Burrow
03:23 Stronghold
05:56 Fortress
14:28 Beastiary
14:30 Beastiary
14:39 Orc Burrow
14:40 Orc Burrow
14:45 Orc Burrow
14:45 Orc Burrow
14:46 Orc Burrow
14:47 Orc Burrow
23:49 Great Hall
26:19 Orc Burrow
27:15 Orc Burrow
27:20 Orc Burrow
29:24 Altar of Storms
» items
| Healing Salve | 3 | |
| Lesser Clarity Potion | 3 | |
| Boots of Speed | 2 | |
| Orb of Lightning | 2 | |
| Potion of Healing | 1 | |
| Periapt of Vitality | 1 | |
| Potion of Lesser Invulnerability | 1 | |
| Scroll of Town Portal | 1 | |
14 total
Chat log
(00:06 / All) 4Eva: I am a gay pornstar
(00:13 / All) KBilly: How big?
(00:19 / All) 4Eva: too big
(00:23 / All) 4Eva: dont try
(00:29 / All) 4Eva: u caxnt handl it
(00:30 / All) KBilly: No such thing as too big.
(00:31 / All) Amourmancer: Rowdy Roddy Piper is the best actor ever
(00:40 / All) 4Eva: dont test me
(00:44 / All) KBilly: My buddy served him breakfast once.
(00:46 / All) FROGASDF: U SURE DO LOOK FANCY IN THESE SLIPPERS
(00:58 / All) Amourmancer: y'know you look as hideous to us as we look to you?
(01:00 / All) 4Eva: I came to kick ass and chw bubblegum
(01:02 / All) Amourmancer: Impossible.
(01:06 / All) KBilly: He told me that RRP ordered a dozen scrambled eggs and a loaf of white toast.
(01:15 / All) 4Eva: isnt roddy dead
(01:19 / All) 4Eva: all the 80s wrestlers are dead
(01:22 / All) 4Eva: of stiroids
(01:24 / All) Amourmancer: Roddy Piper and Kurt the two best
(01:30 / All) Amourmancer: He's alive and well
(01:37 / All) 4Eva: NOT FOR LONG :(
(01:47 / All) 4Eva: u better suck his cock
(01:49 / All) 4Eva: bfore he die
(01:51 / Allies) Silva.: kbilly we played together earlier and won
(01:55 / All) 4Eva: or ull never be able to bang him
(01:57 / All) Amourmancer: Not on my bucket list
(02:12 / All) 4Eva: sure it isnt
(02:15 / All) FROGASDF: fuck that, triple H was the man
(02:26 / All) 4Eva: 90s is homos
(02:41 / All) KBilly: I'm from the 80's, and I"m a homo
(02:48 / All) 4Eva: cool
(02:56 / All) 4Eva: i was born in 1980
(03:00 / All) 4Eva: does that make me an 80s person
(03:05 / All) KBilly: You're fucking old.
(03:11 / All) 4Eva: no im not
(03:13 / All) 4Eva: I look 19
(03:14 / All) 4Eva: fuxker
(03:15 / All) Amourmancer: I was talking shit
(03:18 / All) Amourmancer: and forgot to make mana tower
(03:52 / All) 4Eva: u can suck my mana
(03:54 / All) 4Eva: tiwer
(04:19 / All) 4Eva: should i quit whiskey
(04:21 / All) 4Eva: or drink slower
(04:32 / All) KBilly: I just can't quit you, whisky.
(04:34 / All) 4Eva: decide for me
(04:37 / All) 4Eva: plz
(04:44 / All) 4Eva: DECIDE MY FATE
(04:50 / All) 4Eva: MY LIFE
(04:52 / All) 4Eva: IS IN
(04:53 / All) 4Eva: UR HANDS
(05:09 / All) 4Eva: I TRUST WC3 PLAYERS T HE MOST
(05:51 / Allies) Silva.: lets do mids now
(06:02 / Allies) CustomHeroKill: who as aa
(06:16 / Allies) KBilly: let's kill red
(06:18 / Allies) KBilly: he's weak
(06:30 / Allies) CustomHeroKill: oj u focus dragon i got ground k?
(06:34 / Allies) Silva.: k
(07:15 / Allies) Silva.: top
(07:22 / Allies) KBilly: sec
(08:43 / Allies) KBilly: great job
(09:06 / Allies) KBilly: shamdoc taurean
(09:22 / Allies) CustomHeroKill: red
(09:25 / Allies) KBilly: red base
(09:29 / Allies) KBilly: go now
(09:30 / All) 4Eva: DAMN THIS GAME FEELS GOOD
(09:30 / All) 4Eva: I DIDNT PALY FOR 3 DAYS
(09:32 / All) 4Eva: AND I WAS SAD
(10:00 / All) 4Eva: need help
(10:48 / All) 4Eva: THANSK FOR NOT TP
(10:50 / All) 4Eva: NOOB FUCK TWAMMATE
(11:25 / Allies) Amourmancer: who take billy
(12:02 / All) Amourmancer: lol blue
(12:07 / All) Sup_Girl: ?
(12:16 / All) Amourmancer: convient
(12:25 / All) Sup_Girl: illusions going to bottom bases
(12:26 / All) Sup_Girl: yeah
(12:33 / All) Amourmancer: right as I start making
(12:41 / All) Sup_Girl: after a fight
(13:15 / Allies) Silva.: now
(13:40 / Allies) Silva.: im out
(14:13 / Allies) Amourmancer: we need bats
(14:31 / Allies) CustomHeroKill: on it
(14:56 / Allies) Silva.: that expo gotta go
(16:28 / Allies) Silva.: out again
(17:30 / Allies) Amourmancer: lumber
(18:31 / Allies) Silva.: lets go
(18:36 / Allies) CustomHeroKill: bats comming
(18:38 / Allies) Amourmancer: I'll net the hipo
(18:53 / Allies) Amourmancer: let's go
(20:22 / All) 4Eva: TAEL is a fagot
(20:24 / All) 4Eva: u can have him
(20:26 / All) 4Eva: hes a fucking noob
(20:39 / All) 4Eva: hit his town
(20:42 / All) 4Eva: cause i wont help
(20:47 / All) 4Eva: I promise that
(21:54 / All) Silva.: shit i was afk
(23:26 / Allies) CustomHeroKill: gold?
(23:35 / Allies) Silva.: take out all expos now and expo we win
(23:41 / All) 4Eva: hit and run
(23:52 / Allies) Silva.: need aa
(24:02 / Allies) CustomHeroKill: 200 for a TP please
(24:13 / All) Sup_Girl: that one four sure looks like it
(25:12 / Allies) CustomHeroKill: forget my main
(25:17 / Allies) Silva.: take out the expos
(25:41 / Allies) CustomHeroKill: MOVE
(25:42 / Allies) CustomHeroKill: let us in
(25:58 / Allies) CustomHeroKill: damnit guys
(26:02 / Allies) CustomHeroKill: fucked me over there HARD
(26:11 / Allies) Amourmancer: sorry dawg
(26:15 / All) Silva.: 0 team work
(26:32 / All) Silva.: have my hero bies wont listen so we lose
(26:45 / All) FROGASDF: christ my team was ignorant
(27:10 / All) Silva.: mine doesnt realize that after in a game for 25 mins your gold mine is gone so you take out expos not bases.....
(27:13 / All) Silva.: morons
(29:21 / Allies) CustomHeroKill: i need gold for the revives ,,,
(30:48 / Allies) Silva.: come poeple
(31:32 / All) Silva.: green stop being a idiot
(31:46 / Allies) CustomHeroKill: i killed most of teals gryphs
(31:50 / Allies) Silva.: good
(31:57 / Allies) Silva.: now we need the other expo and to get rid of theres
(31:59 / Allies) CustomHeroKill: 300g? then tri hero is back
(32:02 / Allies) Silva.: we would have if green wasnt a moron
(32:28 / Allies) Silva.: now they have new expo
(32:53 / Allies) Silva.: now becuase of me they dont
(33:19 / Allies) CustomHeroKill: seriously
(34:58 / Allies) Silva.: go get teal green
(35:03 / All) FROGASDF: free burrows
(35:04 / All) FROGASDF: woo hooo
(35:05 / Allies) CustomHeroKill: gtg in a minute
(35:08 / All) Sup_Girl: teal does anything at all during this game and we win
(35:29 / All) FROGASDF: lool
(35:34 / All) FROGASDF: i raped yellows base all by myself
(35:36 / All) FROGASDF: i raped oranges
(35:40 / All) FROGASDF: i nuked heros all game
(35:43 / All) FROGASDF: yet he said i did nothing
(35:46 / All) Silva.: its because green is letting you win
(36:01 / All) FROGASDF: forget about green this was a 3v3 u should have won
(36:28 / Allies) Amourmancer: nice hack dawg
(36:43 / All) CustomHeroKill: lel
(36:46 / All) CustomHeroKill: gtg anyways
(36:47 / All) Amourmancer: one of them has latency hack
(36:52 / All) FROGASDF: feel it
(36:54 / All) FROGASDF: i feel it too
(36:55 / All) Amourmancer: yellow
(36:57 / All) FROGASDF: u guys are lagging too?
(37:09 / All) Amourmancer: No yellow has latency hack
(37:16 / All) Amourmancer: so he was able to spam purple far away
(37:16 / All) Silva.: green is feeding you purple by the way
(37:32 / All) Amourmancer: because he doesn't have built in .250 ms latency
(37:37 / All) Amourmancer: that's why you got his hero
(37:41 / All) Amourmancer: he was fucking with purples bm
(38:03 / All) Silva.: im hoping green loses now
(38:09 / Allies) Silva.: gonna take him for you
(38:17 / All) Silva.: gonna take him for you
(38:20 / All) FROGASDF: maybe the 7 gods will hear your prayers
(39:18 / All) Amourmancer: yeah yellow had the latency hack
(39:30 / All) FROGASDF: how the hell do u know
(39:35 / All) Amourmancer: Orange def doesn't
(39:40 / All) Amourmancer: Not drop hack
(39:42 / All) Amourmancer: Latency hack
(39:43 / All) Silva.: green is brutal :P
(39:44 / All) Amourmancer: It's different
(39:58 / Allies) Silva.: green cant win this now
(40:08 / Allies) Silva.: becuase im gonna kill him
(40:31 / All) Amourmancer: with our shared allies units lol
(40:47 / All) FROGASDF: shall we make this a standoff
(40:48 / Allies) Silva.: red got tanks still btw
(40:59 / Allies) Silva.: if you didnt know becuase your to big a noob
(41:06 / All) Amourmancer: a tank
(41:23 / All) Amourmancer: orange with map hack
(41:33 / All) Amourmancer: yellow with map hack latency hack
(41:44 / All) Sup_Girl: teal and green are friends
(41:50 / All) Silva.: green with living at his moms house bitching and complaining
(41:51 / All) FROGASDF: RING DING RING NO WAY
(42:02 / All) Silva.: teal you cna kill him easy
(42:12 / All) Silva.: hes attacking me do it now
(42:20 / All) FROGASDF: ok orange
(42:27 / All) FROGASDF: ill rape green
(42:28 / All) FROGASDF: he sux
(42:29 / All) Silva.: sad i tried to help
(42:34 / All) Silva.: i know he does cant even micro
(42:40 / All) Silva.: 34 bits..
(42:54 / All) Silva.: at 20k gold with 50 units
(42:58 / All) Amourmancer: blue killed my critter
(43:26 / All) FROGASDF: orange will u leave wc3 on all night
(43:35 / All) FROGASDF: if me and green leave
(43:36 / All) Sup_Girl: greens got this
(43:41 / All) Sup_Girl: Teal is killing himself now
(44:04 / All) FROGASDF: dumbass i was killig nblue
(44:06 / All) Silva.: lol teal isnt smart enough to get a orb and its a win...
(44:08 / All) Amourmancer: lawls
(44:17 / All) FROGASDF: brb
(44:21 / All) Silva.: 1 orb you won teal
(44:56 / All) Amourmancer: That sucks
(45:03 / All) Amourmancer: Looks like you gotta lose orange
(48:04 / All) FROGASDF: got dc'd from aim
(48:07 / All) FROGASDF: and lagged a little
(48:26 / All) FROGASDF: maybe cuz i was downloading that patch ons team
(48:34 / All) Amourmancer: I had only 2 towers in my base
(48:42 / All) Amourmancer: and mana tower, one otwer ws killed earlier
(48:50 / All) FROGASDF: ur pointt?
(48:56 / All) Amourmancer: makes this a long process
(49:08 / All) Amourmancer: and I got dhawk
(49:12 / All) FROGASDF: just give oj win?
(49:16 / All) Amourmancer: Nah
(49:18 / All) Amourmancer: He deserves a lose
(49:31 / All) FROGASDF: oj do u want the win? pay pal and its urs
(49:34 / All) Amourmancer: If he left he can get a tie
(50:04 / All) FROGASDF: wihs u had my allies and u tked at end they had good chat blue and red
(50:09 / All) FROGASDF: i never talk to them
(50:11 / All) Amourmancer: lel
(50:18 / All) Amourmancer: It's really too bad that kbilly dropped
(50:20 / All) Amourmancer: He's the best
(50:29 / All) Amourmancer: He's my favorite ally
(50:54 / All) Amourmancer: Orange if you leave you get a tie, how about it?
(50:58 / All) Amourmancer: stay you gotta lose
(51:35 / All) Amourmancer: Did you know godaddy had to pull an ad
(51:43 / All) Amourmancer: because PETA whined about it
(51:45 / All) Amourmancer: lol
(51:49 / All) Amourmancer: I'll link it
(51:52 / All) FROGASDF: peta the wc3 player
(52:02 / All) FROGASDF: that guy is strange
(52:03 / All) Amourmancer: No the crazy animal terrorist group
(52:07 / All) FROGASDF: oh
(53:00 / Allies) Silva.: oh lol just got back you think i care about a loss i got 50 +
(53:11 / All) Amourmancer: don't you want to join a clan?
(53:14 / Allies) Silva.: i play this game 1-2 games a night fro a laugh to bring back the 10 years ago
(53:26 / Allies) Silva.: 10 years ago when i use to play this competitive
(53:28 / All) Amourmancer: you'll never join a clan with 50% record
(53:45 / Allies) Amourmancer: speak in all
(54:12 / All) Amourmancer: orange was the worst player here
(54:15 / Allies) Silva.: lol why would i wanna join a wc3 clan ? i play 1-2 games on a weekend thats about it, i dont have time for these games
(54:26 / All) Amourmancer: how are you going to get a girlfriend
(54:27 / Allies) Silva.: and your a super sucess in life haha
(54:31 / All) Amourmancer: if you aren't part of a warcraft 3 clan|?
(54:31 / Allies) Silva.: im engaged
(54:33 / Allies) Silva.: btw
(54:43 / Allies) Silva.: with a career/ buisness
(54:46 / All) Amourmancer: she's a fat heffer if you met her without being in a warcraft 3 clan
(54:51 / Allies) Silva.: anyways goodnight kid
(55:00 / All) Amourmancer: is she fat or is she old
(55:13 / All) Amourmancer: she ain't a pretty young thang if you didn't win her heart by showing
(55:17 / All) Amourmancer: Her your warcraft 3 record
(55:39 / All) Amourmancer: It's fitting that this loss comes upon the altar of KBilly
(56:08 / All) Amourmancer: Aight
(56:10 / All) Amourmancer: you lose
(56:15 / All) Amourmancer: You don't get no pretty young thang